 Dungeon Crawl Stone Soup version 0.20.0 (webtiles) character file.

114 FakerFangirl the Cudgeler (level 4, -1/38 HPs)
             Began as a Draconian Fighter on May 25, 2017.
             Slain by Gidget's ghost (15 damage)
             ... on level 3 of the Dungeon.
             The game lasted 00:02:55 (3014 turns).

FakerFangirl the Cudgeler (Draconian Fighter)       Turns: 3014, Time: 00:02:55

Health: -1/38      AC:  5    Str: 18    XL:     4   Next: 67%
Magic:  4/4        EV: 10    Int:  8    God:
Gold:   198        SH:  9    Dex: 12    Spells: 3/3 levels left

rFire    . . .     SeeInvis .   Y - +0 flail
rCold    . . .     Gourm    .   b - +0 shield
rNeg     . . .     Faith    +   (armour unavailable)
rPois    .         Spirit   .   (helmet restricted)
rElec    .         Reflect  .   (no cloak)
rCorr    .         Harm     .   (no gloves)
MR       .....                  (no boots)
Stlth    +.........             i - amulet of faith
Regen    0.2/turn               (no ring)
MPRegen  0.1/turn               (no ring)

@: no status effects
A: unfitting armour, cold-blooded, AC +5
a: no special abilities


You were on level 3 of the Dungeon.
You were not hungry.

You visited 1 branch of the dungeon, and saw 3 of its levels.

You collected 198 gold pieces.


Innate Abilities, Weirdness & Mutations

Your plain brown scales are hard. (AC +5)
You cannot fit into any form of body armour.
You are cold-blooded and may be slowed by cold attacks.


   Skills:
 - Level 3.2 Fighting
 + Level 5.0 Maces & Flails
 - Level 2.6 Dodging
 - Level 3.0 Shields


You had 3 spell levels left.
You didn't know any spells.

Inventory:

Hand Weapons
 Y - a +0 flail (weapon)
Armour
 b - a +0 shield (worn)
 j - a +0 pair of gloves
Jewellery
 i - an amulet of faith (around neck)
Scrolls
 k - a scroll of identify
 l - 3 scrolls of remove curse
Potions
 c - a potion of might
 f - a potion of cancellation {unknown}
 g - a potion of flight {unknown}
 h - a potion of curing {unknown}
Comestibles
 a - 5 chunks of flesh
 d - 3 bread rations
 e - a royal jelly

Dungeon Overview and Level Annotations

Branches:
Dungeon (3/15)

Altars:
Okawaru
Zin

Annotations:
D:3 Gidget's ghost, novice GrGl


Message History

You hit Gidget's ghost.
Your tail-slap misses Gidget's ghost.
Gidget's ghost is moderately damaged.
Gidget's ghost closely misses you.
You closely miss Gidget's ghost.
Gidget's ghost is moderately damaged.
Gidget's ghost hits you! Gidget's ghost closely misses you.
You hit Gidget's ghost but do no damage.
You tail-slap Gidget's ghost.
Gidget's ghost is moderately damaged.
Gidget's ghost hits you but does no damage.
You hit Gidget's ghost but do no damage.
Gidget's ghost is moderately damaged.
Gidget's ghost hits you.
You sock Gidget's ghost!
Gidget's ghost is severely damaged.
Gidget's ghost hits you!
You hit Gidget's ghost but do no damage.
Gidget's ghost is severely damaged.
Gidget's ghost closely misses you. Gidget's ghost hits you!
You die...

#..#......_...."#
#..##..#.......#.
#.#...)#.......#
.....##.##.....##
#####
#.####.####.#
#.....).....#
###...#######
#..## #@## #W#
#r# ... ... .....
..... [......


You could see Gidget's ghost and a rat.

Vanquished Creatures
  A howler monkey zombie (D:3)
  4 adders
  A worm (D:2)
  A dart slug (D:1)
  5 leopard geckos
  An orc (D:3)
  9 bats
  5 giant cockroaches
  7 goblins
  8 hobgoblins
  2 ball pythons
  2 frilled lizards (D:1)
  2 kobolds
  A leopard gecko skeleton (D:3)
  10 rats
59 creatures vanquished.

Notes
Turn   | Place    | Note
-------+----------+-------------------------------------------
     0 | D:1      | FakerFangirl the Draconian Fighter began the quest for the Orb.
     0 | D:1      | Reached XP level 1. HP: 19/19 MP: 1/1
     0 | D:1      | 0 ||| counter = 13
   152 | D:1      | Reached XP level 2. HP: 16/26 MP: 2/2
   471 | D:1      | Reached skill level 3 in Maces & Flails
   947 | D:1      | Reached XP level 3. HP: 30/31 MP: 3/3
  1530 | D:1      | 1530 ||| READING scroll labeled PEUCWAEDUX.
  1531 | D:1      | 1531 ||| READING scroll labeled ASOVUA ACWIS.
  1532 | D:1      | 1532 ||| DRINKING 2 cyan potions.
  1533 | D:1      | 1533 ||| DROPPING potion of brilliance.
  1554 | D:2      | 1554 ||| STAIRDANCE
  1673 | D:2      | Reached skill level 4 in Maces & Flails
  1972 | D:2      | Reached XP level 4. HP: 34/38 MP: 4/4
  2135 | D:2      | Found a glowing silver altar of Zin.
  2451 | D:2      | HP: 9/38 [poisoned by an adder]
  2753 | D:2      | 2753 ||| UPGRADING to dented beryl amulet.
  2780 | D:2      | 2780 ||| EATING 2 royal jellies.
  2790 | D:3      | 2790 ||| STAIRDANCE
  2974 | D:3      | Found an iron altar of Okawaru.
  2992 | D:3      | Reached skill level 5 in Maces & Flails
  2999 | D:3      | Noticed Gidget's ghost (novice GrGl)
  3014 | D:3      | Slain by Gidget's ghost

Vault maps used:
D:1:      kennysheep_arrival_seaside
D:2:      kennysheep_six_static_rooms, overflow_temple_1_default, first_bread
D:3:      old_standard_altar, corexii_item_surrounded_by_moat, uniq_ijyb

Skill      XL: |  1  2  3  4 |
---------------+-------------+-----
Maces & Flails | 3 4 5 |  5.0
Fighting       | |  3.2
Dodging        | |  2.6
Shields        | |  3.0

Action                   |  1- 3 |  4- 6 || total
-------------------------+-------+-------++-------
Melee: Flail             |   108 |    76 ||   184
       Tailslap          |     8 |    11 ||    19
Throw: Tomahawk          |    30 |       ||    30
  Use: Scroll            |     2 |       ||     2
       Potion            |     1 |       ||     1
  Eat: Chunk             |     3 |     2 ||     5
       Royal jelly       |       |     1 ||     1
Armor: Skin              |    28 |    24 ||    52
Dodge: Dodged            |    38 |    25 ||    63
Block: Shield            |    44 |    29 ||    73
